 Dungeon Crawl Stone Soup version 0.30.1 (webtiles) character file.

Game seed: 13421171391858446772

14492 Mahakala the Severer (level 11, -8/97 HPs)
             Began as a Minotaur Berserker on July 6, 2023.
             Was an Elder of Trog.
             Mangled by a death yak (9 damage)
             ... led by a torpor snail
             ... on level 2 of the Lair of Beasts on July 10, 2023.
             The game lasted 00:34:23 (11517 turns).

Mahakala the Severer (Minotaur Berserker)          Turns: 11517, Time: 00:34:24

Health: -8/97      AC: 14    Str: 23    XL:     11   Next: 89%
Magic:  10/10      EV:  8    Int:  6    God:    Trog [****..]
Gold:   617        SH: 15    Dex: 11    Spells: 10/10 levels left

rFire   . . .        y - +0 war axe
rCold   . . .        D - +0 kite shield
rNeg    + . .        t - +0 chain mail
rPois   .            (helmet restricted)
rElec   .            (no cloak)
rCorr   .            l - +0 pair of gloves
SInv    .            o - +0 pair of boots
Will    .....        F - amulet of reflection Stlth
                     A - ring of positive energy
HPRegen 0.36/turn    (no ring)
MPRegen 0.12/turn

%: reflection
@: on berserk cooldown, slowed, very slow
A: horns 2, retaliatory headbutt
a: Renounce Religion, Berserk, Trog's Hand, Brothers in Arms


You were on level 2 of the Lair of Beasts.
You worshipped Trog.
Trog was greatly pleased with you.
You visited 2 branches of the dungeon, and saw 11 of its levels.

You collected 617 gold pieces.

Inventory:

Hand Weapons
 a - a +0 hand axe
 y - a +0 war axe (weapon)
Missiles
 b - 2 javelins
 c - 128 stones (quivered)
 q - 6 atropa-tipped darts {!f}
 w - 21 poisoned darts
 G - 14 boomerangs of dispersal
 K - a throwing net {!f}
 L - a curare-tipped dart {!f}
 M - 4 silver javelins
 N - 6 boomerangs
Armour
 l - a +0 pair of gloves (worn)
 o - a +0 pair of boots (worn)
 t - a +0 chain mail (worn)
 D - a +0 kite shield (worn)
Jewellery
 e - a ring of fire
 v - an amulet of guardian spirit
 A - a ring of positive energy (left hand)
 F - an amulet of reflection (around neck)
 V - a ring of magical power
Wands
 d - a wand of roots (12)
 x - a wand of quicksilver (4)
 H - a wand of polymorph (4)
Scrolls
 h - 3 scrolls of torment
 k - 3 scrolls of poison
 m - 2 scrolls of blinking {@r3}
 n - 7 scrolls of teleportation {@r4}
 p - a scroll of enchant weapon {unknown}
 B - 2 scrolls of fog {unknown}
 C - 6 scrolls of identify {@r1}
 I - 2 scrolls of summoning
 J - a scroll of silence {unknown}
 O - 2 scrolls of enchant armour {unknown}
 Q - a scroll of immolation {unknown}
 R - a scroll of fear {unknown}
Potions
 f - 3 potions of curing {@q1}
 g - 2 potions of might
 i - 4 potions of heal wounds {@q2}
 j - 2 potions of cancellation
 r - 3 potions of flight
 s - 2 potions of ambrosia
 u - a potion of resistance
 z - 2 potions of attraction
 E - 2 potions of mutation
 P - 2 potions of haste {@q3}
 S - a potion of lignification
Miscellaneous
 T - a lightning rod (4/4)
 U - a box of beasts


   Skills:
 - Level 9.0 Fighting
 - Level 16.0 Axes
 - Level 7.0 Throwing
 + Level 8.8 Armour
 - Level 2.1 Dodging
 - Level 9.0 Shields


You had 10 spell levels left.
You didn't know any spells.
Your spell library was empty.

Dungeon Overview and Level Annotations

Branches:
Dungeon (9/15)             Temple (0/1) D:6            Lair (2/5) D:9
  Swamp: Lair:2-3    Shoals: Lair:2-3     Snake: Lair:2-3    Spider: Lair:2-3
    Orc: D:9-12

Altars:
Ashenzari
Fedhas
Gozag
Hepliaklqana
Kikubaaqudgha
Makhleb
Nemelex Xobeh
Okawaru
Qazlal
Ru
Trog
Vehumet
Xom
Zin

Shops:
D:6 *   D:9 **

Annotations:
D:6 exclusion: 2 oklob plants


Innate Abilities, Weirdness & Mutations

You have a pair of horns on your head.
You reflexively headbutt those who attack you in melee.


Message History

You kill the blink frog!
Trog accepts your kill.
The blink frog blinks!
Unknown command.
You swap places.
Your ogre hits the death yak with a +0 giant spiked club!!
The blink frog blinks!
Something stings your ogre!
Your ogre is poisoned.
Something poisons your ogre! The death yak gores your ogre!
The death yak closely misses your ogre.
You feel a strong urge to attack something.
The blink frog blinks!
The cane toad stings your ogre!!
Your ogre barely misses the death yak.
The blink frog blinks!
The death yak gores your ogre!!
Your ogre dies!
Your ogre's corpse disappears in a puff of smoke!
You barely miss the blink frog. You headbutt the blink frog!
The blink frog is heavily wounded.
You barely miss the death yak.
You are no longer berserk.
You are exhausted.
You feel yourself slow down. You block the blink frog's attack.
You slash the death yak!
The death yak is moderately wounded.
You closely miss the blink frog.
The blink frog blinks!
The blink frog hits you!
* * * LOW HITPOINT WARNING * * *
You block the death yak's attack. The blink frog barely misses you.
You hit the death yak.
The death yak is moderately wounded.
You closely miss the blink frog. You hit the death yak but do no damage.
The death yak gores you!!
* * * LOW HITPOINT WARNING * * *
The death yak gores you.
* * * LOW HITPOINT WARNING * * *
You block the blink frog's attack. The death yak gores you!!
* * * LOW HITPOINT WARNING * * *
The death yak gores you!
You die...

###
##.P#P.###.#
#..
##...........
...
............
...
#...........
...
#...§......
...
##...wF.P##
###
#P..FYF...#
##..@YF⌠..#
#P...♣F.♣.#
#....♣..♣
##..♣♣..♣
##..♣ .♣~♣ #
#...♣
..≈♣.### #
##..♣ ♣n
♣.#P########
#..♣ .
♣...........
#.♣♣
♣.<.....<..


You could see 2 death yaks, a cane toad, a swamp worm, 3 blink frogs and a
bullfrog.

Vanquished Creatures
  A two-headed ogre (D:9)
  Pikel (D:6)
  A manticore (D:9)
  A black mamba (Lair:2)
  6 elephants
  A torpor snail (Lair:2)
  A cane toad (Lair:2)
  A rime drake (Lair:1)
  6 komodo dragons
  A blink frog (Lair:2)
  Grinder (D:3)
  Prince Ribbit (D:6)
  Sigmund (D:3)
  19 yaks
  A basilisk (D:9)
  Eustachio (D:6)
  A steam dragon (Lair:2)
  Menkaure (D:7)
  4 water moccasins (Lair:1)
  3 black bears
  2 ice beasts
  4 ogres
  6 wolves (Lair:1)
  3 centaurs
  2 phantoms
  A lemure (D:6)
  3 kobold brigands
  7 bullfrogs
  3 scorpions
  3 gnoll sergeants
  5 wights (D:8)
  4 killer bees (D:9)
  2 howler monkeys
  2 hounds (D:5)
  5 jellies
  Crazy Yiuf (D:6)
  An iguana (D:6)
  A sleepcap (D:8)
  2 gnoll boudas
  3 orc wizards (D:3)
  Robin (D:3)
  4 adders
  30 gnolls
  3 shadow imps
  2 ufetubi
  A worm (D:4)
  4 dart slugs
  18 orcs
  3 ball pythons
  16 endoplasms
  2 giant cockroaches
  10 goblins
  11 hobgoblins
  4 quokkas
  10 bats
  7 frilled lizards
  21 kobolds
  8 rats
268 creatures vanquished.

Vanquished Creatures (others)
  A kobold (D:6)
1 creature vanquished.

Grand Total: 269 creatures vanquished

Notes
Turn   | Place    | Note
-------+----------+-------------------------------------------
     0 | D:1      | Mahakala the Minotaur Berserker began the quest for the
                  | Orb.
     0 | D:1      | Reached XP level 1. HP: 19/19 MP: 0/0
   212 | D:1      | Reached skill level 4 in Axes
   347 | D:1      | Reached XP level 2. HP: 24/26 MP: 1/1
   973 | D:2      | Reached skill level 5 in Axes
   973 | D:2      | Reached XP level 3. HP: 29/31 MP: 2/2
  1097 | D:2      | Found a broken altar of Ashenzari.
  1389 | D:2      | Reached ** piety under Trog
  1870 | D:3      | Reached skill level 6 in Axes
  1870 | D:3      | Reached XP level 4. HP: 36/39 MP: 3/3
  2039 | D:3      | Identified the +0 helmet "Ypeicax" {Str+4 Int+4}
  2039 | D:3      | Noticed Robin
  2056 | D:3      | Killed Robin
  2241 | D:3      | Reached XP level 5. HP: 45/45 MP: 4/4
  2246 | D:3      | Reached skill level 7 in Axes
  2334 | D:3      | Found an iron altar of Okawaru.
  2393 | D:3      | Noticed Sigmund
  2400 | D:3      | Killed Sigmund
  2401 | D:3      | Reached XP level 6. HP: 52/52 MP: 5/5
  2455 | D:3      | Noticed Grinder
  2458 | D:3      | Found an opulent altar of Gozag.
  2465 | D:3      | Killed Grinder
  2466 | D:3      | Reached skill level 5 in Fighting
  2466 | D:3      | Reached skill level 5 in Armour
  2645 | D:3      | Reached XP level 7. HP: 61/61 MP: 6/6
  2734 | D:3      | Found a glowing silver altar of Zin.
  2924 | D:4      | Reached skill level 8 in Axes
  2928 | D:4      | Found a bloodstained altar of Trog.
  2928 | D:4      | Found a hazy altar of Hepliaklqana.
  2928 | D:4      | Found a sacrificial altar of Ru.
  2968 | D:4      | Reached *** piety under Trog
  3107 | D:4      | Found a sparkling altar of Nemelex Xobeh.
  3558 | D:4      | Found a burning altar of Makhleb.
  3626 | D:5      | Entered Level 5 of the Dungeon
  3671 | D:5      | You fall into a shaft and drop 2 floors!
  3674 | D:7      | Noticed Menkaure
  3690 | D:6      | Reached skill level 1 in Shields
  3692 | D:6      | Found Reton's Elemental Accessories.
  3755 | D:5      | Reached skill level 9 in Axes
  4078 | D:5      | Reached skill level 5 in Shields
  4078 | D:5      | Reached XP level 8. HP: 61/68 MP: 7/7
  4216 | D:5      | Found an ancient bone altar of Kikubaaqudgha.
  4591 | D:6      | Reached skill level 10 in Axes
  4879 | D:6      | Reached skill level 11 in Axes
  5171 | D:6      | Noticed Pikel
  5195 | D:6      | Killed Pikel
  5196 | D:6      | Reached skill level 12 in Axes
  5196 | D:6      | Reached XP level 9. HP: 74/74 MP: 8/8
  5511 | D:6      | Noticed an oklob plant
  5589 | D:6      | Noticed Eustachio
  5598 | D:6      | Killed Eustachio
  5716 | D:6      | Found a runed translucent door.
  5717 | D:6      | Noticed Crazy Yiuf
  5757 | D:6      | Found a blossoming altar of Fedhas.
  5782 | D:6      | Noticed an oklob plant
  5869 | D:6      | Noticed Prince Ribbit
  5897 | D:6      | Killed Prince Ribbit
  5956 | D:6      | Found a staircase to the Ecumenical Temple.
  6327 | D:6      | Killed Crazy Yiuf
  6606 | D:7      | Killed Menkaure
  6607 | D:7      | Reached skill level 13 in Axes
  6942 | D:7      | Reached **** piety under Trog
  6952 | D:7      | Found a shimmering altar of Xom.
  7344 | D:8      | Reached skill level 14 in Axes
  7345 | D:8      | Reached XP level 10. HP: 86/86 MP: 9/9
  7439 | D:8      | Found a stormy altar of Qazlal.
  8124 | D:9      | Noticed a two-headed ogre
  8185 | D:9      | Killed a two-headed ogre
  8495 | D:9      | Found Urecenin's Assorted Antiques.
  8519 | D:9      | Noticed a manticore
  8527 | D:9      | Killed a manticore
  8528 | D:9      | Reached skill level 15 in Axes
  8673 | D:9      | Reached skill level 16 in Axes
  8797 | D:9      | Found a staircase to the Lair.
  8814 | D:9      | Found a radiant altar of Vehumet.
  8842 | D:9      | Reached skill level 1 in Throwing
  8898 | D:9      | Found Hoilaud's Assorted Antiques.
  8957 | D:9      | Noticed an elephant
  8970 | D:9      | Killed an elephant
  8974 | D:9      | Reached XP level 11. HP: 94/94 MP: 10/10
  9610 | Lair:1   | Entered Level 1 of the Lair of Beasts
  9750 | Lair:1   | Reached skill level 5 in Throwing
 11503 | Lair:2   | Noticed a death yak
 11503 | Lair:2   | Noticed a death yak
 11512 | Lair:2   | Noticed a bog body
 11517 | Lair:2   | HP: 1/97 [death yak[a torpor snail] (21)]
 11517 | Lair:2   | Mangled by a death yak

Illustrated notes

Levels and vault maps discovered:
D:1:      minmay_arrival_up_and_down, layout_basic
D:2:      layout_basic, basic_altar, st_stairs_3
D:3:      layout_basic, zin_statuary, mainiacjoe_overflow_catwalk,
          mainiacjoe_overflow_small_starburst, minmay_cupped, uniq_grinder,
          uniq_robin, uniq_sigmund
D:4:      layout_gridville, amcnicky_altar_gilded, mainiacjoe_overflow_alcove_2,
          gammafunk_temple_overflow_forgotten
D:5:      layout_loops_ring, kiku_gazebo_garden_becter
D:6:      lemuel_slime, layout_layer_cave, tgw_fedhas, lemuel_temple_firewalk_b,
          nicolae_elemental_shop, minmay_unpleasant_kobolds,
          uniq_prince_ribbit1, uniq_eustachio, uniq_crazy_yiuf_cottage,
          uniq_pikel
D:7:      layout_cave_pools, tgw_xom, uniq_menkaure
D:8:      layout_basic, nicolae_qazlal_scattered_showers,
          kennysheep_generic_room_13
D:9:      layout_basic, vehumet_crystals, david_lair_generic, serial_shops,
          shop, nicolae_shop_stone
Lair:1:   layout_cave_pods
Lair:2:   layout_long_grid, nicolae_swamp_entry_splash_gauntlet,
          enter_volcano_3, infiniplex_staircase_pool_2

Skill      XL: |  1  2  3  4  5  6  7  8  9 10 11 |
---------------+----------------------------------+-----
Axes           | 4 5 6 7 9 12 14 16 | 16.0
Armour         | 4 5 6 7 8 |  8.8
Fighting       | 4 5 7 8 9 |  9.0
Shields        | 5 7 9 |  9.0
Throwing       | 2 7 |  7.0
Dodging        | |  2.1

Action                     |  1- 3 |  4- 6 |  7- 9 | 10-12 || total
---------------------------+-------+-------+-------+-------++-------
  Melee: Hand axe          |   105 |    59 |       |       ||   164
         Headbutt          |    11 |    12 |    62 |    79 ||   164
         Punch             |     2 |     1 |     1 |       ||     4
         War axe           |       |    10 |   313 |   319 ||   642
 Invoke: Berserk           |     2 |     5 |    12 |     8 ||    27
         Trog's Hand       |       |     2 |     2 |     1 ||     5
         Brothers in Arms  |       |       |       |     1 ||     1
    Use: Scroll            |     5 |       |    10 |     4 ||    19
 Armour: Leather armour    |    34 |       |       |       ||    34
         Animal skin       |     2 |       |       |       ||     2
         Chain mail        |       |    31 |    71 |    82 ||   184
  Dodge: Dodged            |    59 |    20 |    64 |    50 ||   193
  Block: Kite shield       |       |       |   143 |   164 ||   307
         Reflection        |       |       |    14 |     7 ||    21
